Map: Dusk Towers (3.2.2 Balance v1.0)

Players

scnightfire

  • Race: Terran Terran
  • League: Bronze

Puzir

  • Race: Terran Terran

Gracz

  • Race: Protoss Protoss

Ygunen

  • Race: Protoss Protoss

VOD

Have the link to the VOD?

Description

Time

  • Played on: April 30, 2016, 11:44 a.m.
  • Length: 14:53
Show
View Real Time Build Order
Export as new Build Order

scnightfire Terran 

Build Orders:  

Get SALT Encoding   

  12  0:04  SCV  
  13  0:14  Supply Depot  
  13  0:27  Supply Depot  
  13  0:29  SCV  
  14  0:39  Supply Depot  
  14  0:42  SCV  
  15  1:20  Barracks  
  15  1:23  Barracks  
  15  1:25  Barracks  
  15  1:28  SCV  
  16  1:40  SCV  
  17  1:52  SCV  
  17  1:54  Refinery  
  18  2:04  SCV  
  19  2:16  SCV  
  19  2:17  Marine x3  
  23  2:28  SCV  
  24  2:32  Refinery  
  24  2:35  Marine x3  
  27  2:40  SCV  
  28  2:52  SCV  
  29  3:05  SCV  
  30  3:17  SCV  
  31  3:36  Command Center  
  32  3:42  Orbital Command  
  31  3:49  Barracks Reactor  
  31  3:50  Barracks Reactor x2  
  31  4:08  SCV  
  32  4:36  Supply Depot  
  32  4:37  Supply Depot, SCV  
  33  4:39  Supply Depot  
  33  4:49  SCV x2  
  35  5:01  SCV x2  
  35  5:06  Marine  
  35  5:07  Marine x5  
  38  5:13  SCV x2  
  40  5:24  Marine x3  
  40  5:25  Marine x3, SCV x2  
  47  5:37  SCV  
  47  5:40  SCV  
  47  5:42  Marine x3  
  51  5:43  Marine x3  
  51  5:45  Engineering Bay  
  55  5:52  SCV  
  56  6:04  Engineering Bay  
  56  6:07  Orbital Command  
  56  6:09  SCV  
  57  6:21  SCV  
  58  6:34  Missile Turret  
  58  6:35  Missile Turret  
  58  6:38  Missile Turret  
  55  7:13  Missile Turret  
  55  7:15  Sensor Tower  
  55  7:17  Missile Turret  
  55  7:20  Missile Turret  
  55  7:30  SCV  
  56  7:42  SCV  
  57  7:54  SCV  
  58  8:04  Marine x4  
  58  8:05  Marine x2  
  64  8:18  Supply Depot  
  64  8:21  Supply Depot  
  64  8:22  Marine x4, Supply Depot  
  64  8:23  Marine x2  
  70  8:39  Marine  
  70  8:40  Marine x4  
  70  8:41  Marine  
  76  8:57  Marine x2  
  76  8:58  Marine x4  
  81  9:26  Missile Turret  
  81  9:27  Missile Turret  
  81  9:30  Reaper x4  
  81  9:31  Reaper x2  
  87  10:01  Missile Turret x2  
  87  10:02  Reaper x3  
  87  10:03  Reaper x3  
  93  10:27  Missile Turret x2  
  93  10:34  Reaper x3  
  93  10:35  Reaper x3  
  99  10:48  Missile Turret  
  99  10:56  Missile Turret  
  99  11:03  Terran Infantry Weapons Level 1  
  99  11:06  Reaper x3  
  102  11:18  Missile Turret  
  102  11:40  Missile Turret  
  102  11:49  Missile Turret  
  102  12:09  Command Center, Reaper x3  
  105  12:40  Missile Turret  
Show
View Real Time Build Order
Export as new Build Order

Puzir Terran 

Build Orders:  

Get SALT Encoding   

  12  0:08  Probe (Chrono Boost)  
  13  0:18  Pylon, Probe (Chrono Boost)  
  14  0:29  Probe (Chrono Boost)  
  15  0:37  Assimilator  
  15  0:39  Probe (Chrono Boost)  
  16  0:48  Gateway  
  16  0:50  Probe (Chrono Boost)  
  17  1:00  Probe (Chrono Boost)  
  18  1:11  Probe (Chrono Boost)  
  20  1:27  Nexus  
  20  1:30  Probe (Chrono Boost)  
  20  1:42  Pylon  
  20  1:45  Probe (Chrono Boost)  
  21  1:49  Assimilator  
  21  1:56  Probe (Chrono Boost)  
  21  2:01  Cybernetics Core  
  22  2:15  Probe (Chrono Boost)  
  23  2:26  Pylon, Probe (Chrono Boost)  
  24  2:30  Pylon  
  24  2:33  Warp Gate  
  28  2:44  Adept, Probe (Chrono Boost)  
  28  2:50  Mothership Core (Chrono Boost)  
  29  2:56  Probe (Chrono Boost)  
  30  2:59  Stargate  
  30  3:06  Probe (Chrono Boost)  
  30  3:10  Probe (Chrono Boost)  
  32  3:17  Probe (Chrono Boost)  
  33  3:23  Probe (Chrono Boost)  
  34  3:31  Pylon  
  34  3:32  Adept  
  36  3:35  Probe (Chrono Boost)  
  36  3:36  Probe (Chrono Boost)  
  36  3:41  Assimilator  
  38  3:45  Probe (Chrono Boost)  
  38  3:46  Probe (Chrono Boost)  
  40  3:55  Gateway  
  40  3:56  Probe (Chrono Boost)  
  40  3:57  Probe (Chrono Boost)  
  40  3:59  Stalker  
  40  4:02  Oracle (Chrono Boost)  
  47  4:16  Probe x2 (Chrono Boost)  
  49  4:19  Forge  
  49  4:28  Pylon  
  49  4:31  Probe  
  49  4:33  Probe  
  49  4:36  Assimilator  
  49  4:37  Oracle (Chrono Boost)  
  54  4:42  Probe  
  54  4:45  Probe  
  56  4:59  Probe  
  56  5:01  Probe  
  58  5:10  Probe  
  59  5:18  Probe  
  59  5:20  Probe  
  58  5:30  Probe  
  58  5:31  Probe  
  58  5:34  Stalker x2  
  64  5:43  Oracle  
  67  5:51  Protoss Air Weapons Level 1 (Chrono Boost)  
  67  5:58  Protoss Ground Weapons Level 1  
  67  6:03  Fleet Beacon, Nexus x2  
  67  6:04  Pylon x3  
  67  6:05  Pylon, Stalker  
  67  6:06  Pylon  
  67  6:09  Pylon  
  69  6:12  Probe  
  70  6:22  Photon Cannon  
  70  6:24  Photon Cannon  
  70  6:54  Stalker  
  70  6:55  Stalker  
  70  6:58  Probe  
  70  6:59  Probe  
  76  7:04  Assimilator  
  76  7:05  Carrier  
  76  7:08  Pylon  
  82  7:09  Assimilator  
  82  7:10  Probe  
  82  7:11  Probe  
  82  7:15  Stargate  
  84  7:16  Stargate  
  84  7:22  Probe  
  85  7:24  Probe  
  86  7:30  Protoss Air Armor Level 1 (Chrono Boost)  
  86  7:34  Probe  
  86  7:36  Probe  
  87  7:37  Probe  
  87  7:44  Assimilator  
  89  7:46  Probe x2  
  89  7:47  Assimilator  
  89  7:48  Adept x2  
  89  7:49  Probe  
  96  7:57  Probe  
  96  7:58  Probe  
  96  8:01  Probe, Gateway  
  96  8:02  Pylon  
  96  8:04  Gateway  
  99  8:07  Probe  
  99  8:09  Adept  
  99  8:10  Adept, Probe  
  105  8:13  Probe  
  105  8:18  Probe  
  107  8:23  Probe  
  107  8:25  Probe  
  109  8:35  Probe  
  110  8:43  Adept x2  
  114  8:51  Carrier (Chrono Boost), Probe x2  
  114  8:54  Carrier (Chrono Boost)  
  128  9:03  Probe x2  
  128  9:06  Probe  
  131  9:13  Carrier (Chrono Boost)  
  131  9:15  Probe x2  
  139  9:18  Probe  
  140  9:27  Adept, Probe x2  
  140  9:28  Adept  
  140  9:30  Probe  
  147  9:35  Anion Pulse-Crystals  
  147  9:39  Probe  
  148  9:49  Nexus  
  148  9:52  Pylon, Adept x2, Photon Cannon  
  152  9:53  Adept  
  152  9:55  Pylon  
  152  9:58  Pylon x2  
  154  10:01  Pylon  
  154  10:02  Pylon  
  154  10:03  Protoss Shields Level 1, Carrier (Chrono Boost)  
  154  10:06  Carrier (Chrono Boost)  
  154  10:08  Protoss Air Weapons Level 2 (Chrono Boost)  
  154  10:13  Probe x2  
  154  10:14  Probe x2  
  170  10:25  Probe  
  171  10:31  Carrier (Chrono Boost)  
  171  10:32  Adept  
  179  10:38  Pylon  
  179  10:41  Twilight Council  
  185  11:14  Graviton Catapult (Chrono Boost)  
  185  11:20  Carrier (Chrono Boost)  
  185  11:24  Carrier (Chrono Boost)  
  194  11:46  Assimilator  
  194  11:47  Assimilator  
  200  12:01  Carrier (Chrono Boost)  
  200  12:16  Gateway  
  200  12:39  Pylon  
  200  12:40  Nexus  
  200  12:42  Pylon  
  200  12:43  Pylon  
  200  12:45  Pylon  
  188  14:01  Templar Archives  
  188  14:08  Assimilator  
  188  14:10  Mothership Core, Photon Cannon  
  188  14:12  Photon Cannon  
  188  14:15  Photon Cannon  
  188  14:16  Photon Cannon  
  190  14:18  Photon Cannon  
Show
View Real Time Build Order
Export as new Build Order

Gracz Protoss 

Build Orders:  

Get SALT Encoding   

Show
View Real Time Build Order
Export as new Build Order

Ygunen Protoss 

Build Orders:  

Get SALT Encoding   

Tags
 
Add a new tag
Caveats
  • Supply blocks, unpowered buildings, or Contaminate may cause inaccurate times.
  • Supply counts are checked every 10 seconds.